AoeStats
← dolt34

African Clearing

506295861Analyzed
2v2 RM · 19d ago on Sep 13, 2026· 44m 34s· 4 players
Game mode
Random Map
Map size
Medium (4 player)
Population
200
Speed
Normal
Resources
Standard
Victory
Conquest
Starting age
Dark Age
Ending age
Imperial Age
RankedLock teamsTeams togetherTeam positionsShared explorationLock speedFull tech treeHidden civsTurbo modeCheats
Victory
Defeat
🇺🇸 Wei · United States
1155
+15
🇺🇸 Mongols · United States
1153
+15
🇨🇱 Burmese · Chile
1153
-15
🇲🇽 Mongols · Mexico
1127
-15
HD_montu
6:53 Loom
12:37 Feudal Age
13:29 Feudal Age
18:23 Castle Age
18:04 Fletching
22:47 Padded Archer Armor
24:14 Double-Bit Axe
29:57 Bloodlines
30:31 Horse Collar
32:47 Bodkin Arrow
33:08 Leather Archer Armor
35:47 Bow Saw
36:36 Wheelbarrow
36:51 Ballistics
37:24 Husbandry
nefelibata
3:52 Loom
13:28 Feudal Age
18:12 Castle Age
17:36 Bloodlines
25:17 Wheelbarrow
27:41 Gold Mining
28:10 Hand Cart
28:49 Forging
28:52 Horse Collar
29:08 Stone Mining
30:47 Iron Casting
30:35 Town Watch
35:16 Imperial Age
34:02 Town Patrol
34:34 Scale Barding Armor
34:21 Fletching
34:48 Manipur Cavalry
34:52 Husbandry
34:55 Heavy Plow
35:33 Gold Shaft Mining
35:54 Chain Barding Armor
36:39 Conscription
37:53 Bodkin Arrow
39:54 Conscription
40:48 Crop Rotation
41:00 Elite Battle Elephant
42:18 Plate Barding Armor
42:44 Blast Furnace
dolt34
3:51 Loom
13:13 Feudal Age
14:17 Double-Bit Axe
16:45 Castle Age
16:16 Scale Barding Armor
16:08 Fletching
16:29 Gold Mining
16:39 Town Watch
24:37 Wheelbarrow
24:21 Bow Saw
24:08 Bodkin Arrow
26:49 Horse Collar
28:07 Padded Archer Armor
31:01 Ballistics
30:45 Husbandry
34:24 Thumb Ring
35:24 Heavy Plow
39:21 Imperial Age
36:56 Stone Mining
37:55 Bloodlines
37:58 Masonry
38:03 Scale Barding Armor
40:29 Parthian Tactics
41:40 Hand Cart
41:25 Town Patrol
41:48 Conscription
41:57 Bracer
43:48 Chemistry
42:54 Siege Engineers
43:26 Elite Mangudai
basileus
11:02 Loom
13:13 Feudal Age
14:38 Double-Bit Axe
14:39 Horse Collar
20:48 Castle Age
20:42 Bloodlines
20:38 Scale Barding Armor
20:44 Forging
21:35 Husbandry
20:58 Light Cavalry
25:40 Bow Saw
26:01 Heavy Plow
26:40 Wheelbarrow
31:10 Town Watch
32:13 Chain Barding Armor
32:29 Iron Casting
35:45 Gold Mining
35:49 Stone Mining
36:18 Hand Cart
39:13 Imperial Age
41:24 Blast Furnace
40:15 Fletching
41:48 Heavy Hei Guang Cavalry
41:50 Hussar
42:31 Bodkin Arrow
Connection lost

Rejoining the realm…

Still unreachable

The connection could not be restored.

Session expired

The server has moved on; the page needs a fresh start.